 Dungeon Crawl Stone Soup version 0.28.0-43-g3370ac3207 (webtiles) character file.

Game seed: 4202937033991527889

88 Zeld the Magician (level 4, -1/24 HPs)
             Began as a Deep Elf Fire Elementalist on Mar 15, 2022.
             Slain by an ogre
             ... wielding a +0 giant spiked club
              (25 damage)
             ... on level 3 of the Dungeon.
             The game lasted 00:01:34 (2583 turns).

Zeld the Magician (Deep Elf Fire Elementalist)      Turns: 2583, Time: 00:01:34

Health: -1/24      AC:  2    Str:  5    XL:     4   Next: 29%
Magic:  6/12       EV: 13    Int: 22    God:
Gold:   87         SH:  0    Dex: 15    Spells: 4/11 levels left

rFire   . . .      SeeInvis .   (no weapon)
rCold   . . .      Faith    .   (no shield)
rNeg    . . .      Spirit   .   a - +0 robe
rPois   .          Reflect  .   (no helmet)
rElec   .          Harm     .   (no cloak)
rCorr   .          Rampage  .   (no gloves)
Will    .....                   (no boots)
Stlth   ++........              (no amulet)
HPRegen 0.08/turn               (no ring)
MPRegen 0.13/turn               (no ring)

@: no status effects
A: no striking features
a: no special abilities


You were on level 3 of the Dungeon.
You visited 1 branch of the dungeon, and saw 3 of its levels.

You collected 87 gold pieces.

Inventory:

Armour
 a - a +0 robe (worn)
Scrolls
 e - a scroll of amnesia {unknown}
 g - a scroll of silence {unknown}
 h - a scroll of noise {unknown}
 i - a scroll of vulnerability {unknown}
 j - a scroll of teleportation {unknown}
Potions
 b - 3 potions of heal wounds
 c - a potion of flight {unknown}
 d - a potion of mutation {unknown}
 f - a potion of might {unknown}


   Skills:
 + Level 3.1 Dodging
 + Level 3.1 Stealth
 * Level 4.2 Spellcasting
 + Level 2.0 Conjurations
 * Level 4.0 Fire Magic


You had 4 spell levels left.
You knew the following spells:

 Your Spells              Type           Power      Damage    Failure   Level
a - Foxfire               Conj/Fire      68%        2x1d7     3%          1
b - Scorch                Fire           44%        2d7       3%          2
c - Flame Wave            Conj/Fire      17%        2d6       30%         4

Your spell library contained the following spells:

 Spells                   Type           Power      Damage    Failure   Level
 Conjure Flame            Conj/Fire      17%        6-21      10%         3
 Animate Skeleton         Necr           8%         N/A       11%         1
 Apportation              Tloc           8%         N/A       11%         1
 Summon Small Mammal      Summ           16%        N/A       11%         1
 Inner Flame              Hex/Fire       13%        N/A       14%         3
 Sublimation of Blood     Necr           4%         N/A       17%         2
 Wereblood                Tmut           4%         N/A       17%         2
 Summon Hydra             Summ           2%         N/A       100%        7


Dungeon Overview and Level Annotations

Branches:
Dungeon (3/15)

Altars:


Message History

Casting: Foxfire (safe; 3% risk of failure)
Confirm with . or Enter, or press ? or * to list all spells.
You conjure some foxfire!
Your foxfire dissipates!
There is a stone staircase leading down here.
Found a hand axe.
Casting: Foxfire (safe; 3% risk of failure)
Confirm with . or Enter, or press ? or * to list all spells.
You conjure some foxfire!
Your foxfire dissipates! x2
You see here a +0 hand axe.
An ogre and a bat come into view.
The ogre shouts!
The bat moves out of view.
An ogre is nearby!
Casting: Foxfire (safe; 3% risk of failure)
Confirm with . or Enter, or press ? or * to list all spells.
You conjure some foxfire!
The foxfire hits the ogre!
The ogre is moderately wounded.
An ogre is nearby!
Casting: Foxfire (safe; 3% risk of failure)
Confirm with . or Enter, or press ? or * to list all spells.
You conjure some foxfire!
Your foxfire dissipates!
An ogre is nearby!
Casting: Foxfire (safe; 3% risk of failure)
Confirm with . or Enter, or press ? or * to list all spells.
Flames lash the ogre.
The ogre is heavily wounded.
The ogre's fire resistance burns away.
The foxfire hits the ogre.
The ogre is burned terribly!
The ogre is almost dead.
Casting: Scorch (safe; 3% risk of failure)
Confirm with . or Enter, or press ? or * to list all spells.
Flames lash the ogre.
The ogre is burned terribly!
The ogre is almost dead.
The ogre hits you with a +0 giant spiked club!!
Ouch! That really hurt!
You die...

#.....# #.....#
#####§###
#..)..#
#)..#####
#.....#
###.....##
#.....#
#..##..###.....#
#..###.....>#..#
##.#
######....####
#v# ##.......
#@# ##..####
......O.# #..#
........# #..#
....§...# #..#
........# #..#
......... #..#
......... #..#
......... #..# .
.


You could see an ogre (combustible, ally target).

Vanquished Creatures
  Terence (D:2)
  2 adders (D:2)
  A dart slug (D:2)
  2 ball pythons
  3 endoplasms
  A giant cockroach (D:1)
  5 goblins
  3 hobgoblins
  10 jackals (D:2)
  2 quokkas
  A bat (D:2)
  A frilled lizard (D:2)
  2 kobolds (D:2)
  4 rats
38 creatures vanquished.

Vanquished Creatures (collateral kills)
  6 foxfires (D:2)
6 creatures vanquished.

Vanquished Creatures (others)
  196 foxfires
  34 plants (D:2)
230 creatures vanquished.

Grand Total: 274 creatures vanquished

Notes
Turn   | Place    | Note
-------+----------+-------------------------------------------
     0 | D:1      | Zeld the Deep Elf Fire Elementalist began the quest for the
                  | Orb.
     0 | D:1      | Reached XP level 1. HP: 10/10 MP: 6/6
   494 | D:1      | Reached XP level 2. HP: 15/15 MP: 6/8
  1120 | D:2      | Reached XP level 3. HP: 19/19 MP: 5/10
  1123 | D:2      | Learned a level 2 spell: Scorch
  1476 | D:2      | Noticed Terence
  1676 | D:2      | Killed Terence
  1677 | D:2      | Reached XP level 4. HP: 24/24 MP: 3/12
  1737 | D:2      | Learned a level 4 spell: Flame Wave
  2204 | D:2      | Found a faded altar of an unknown god.
  2577 | D:3      | Noticed an ogre
  2583 | D:3      | Slain by an ogre

Illustrated notes

Levels and vault maps discovered:
D:1:      mrwooster_arrival_arrow, layout_basic
D:2:      layout_basic, serial_bayou, serial_bayou_crossing,
          serial_bayou_lagoon_a, serial_bayou_pond_a, serial_bayou_pond_e,
          shapermc_ecumenical_altar_mp_vishouse, hex_intersection, uniq_terence
D:3:      layout_rooms

Skill      XL: |  1  2  3 |
---------------+----------+-----
Dodging        | 3 |  3.1
Stealth        | 3 |  3.1
Spellcasting   | 4 |  4.2
Conjurations   | 2 |  2.0
Fire Magic     | 4 |  4.0

Action                   |  1- 3 |  4- 6 || total
-------------------------+-------+-------++-------
 Cast: Foxfire           |    85 |    35 ||   120
       Scorch            |     8 |     2 ||    10
  Use: Potion            |     1 |       ||     1
Armor: Robe              |     3 |       ||     3
Dodge: Dodged            |    11 |       ||    11
